AoeStats
← Huevo Rondina ++

Arena

504690756Analyzed
2v2 RM · 26d ago on Sep 6, 2026· 44m 38s· 4 players
Game mode
Random Map
Map size
Medium (4 player)
Population
200
Speed
Normal
Resources
Standard
Victory
Conquest
Starting age
Dark Age
Ending age
Imperial Age
RankedLock teamsTeams togetherTeam positionsShared explorationLock speedFull tech treeHidden civsTurbo modeCheats
Victory
Defeat
🇦🇺 Bengalis · Australia
1079
+13
🇨🇳 Bohemians · China
1035
+15
🇦🇷 Spanish · Argentina
1074
-16
🇦🇷 Britons · Argentina
963
-17
Huevo Rondina ++
0:29 Loom
12:04 Feudal Age
17:17 Castle Age
16:02 Double-Bit Axe
16:01 Horse Collar
17:15 Gold Mining
17:18 Stone Mining
19:34 Bow Saw
24:46 Padded Archer Armor
25:16 Fletching
25:58 Gambesons
28:48 Wheelbarrow
28:24 Heavy Plow
28:51 Squires
29:45 Leather Archer Armor
30:56 Hand Cart
34:35 Imperial Age
32:59 Yeomen
32:06 Crossbowman
33:36 Gold Shaft Mining
33:29 Ballistics
33:11 Bodkin Arrow
34:06 Pikeman
36:44 Two-Man Saw
36:53 Chemistry
36:14 Elite Longbowman
38:05 Warwolf
38:00 Halberdier
[DM]gallo+4teRETUVE
10:28 Feudal Age
16:34 Castle Age
14:47 Double-Bit Axe
15:24 Horse Collar
15:38 Gold Mining
18:47 Loom
24:07 Wheelbarrow
24:48 Bow Saw
29:12 Imperial Age
27:24 Ballistics
27:12 Scale Barding Armor
27:18 Forging
28:18 Chain Barding Armor
28:24 Masonry
28:57 Hand Cart
29:06 Heavy Plow
29:09 Husbandry
29:12 Light Cavalry
30:41 Iron Casting
32:21 Two-Man Saw
32:52 Chemistry
33:15 Plate Barding Armor
33:30 Hussar
34:23 Bloodlines
35:16 Blast Furnace
35:47 Conscription
35:22 Fletching
35:29 Town Watch
37:23 Architecture
43:08 Bodkin Arrow
FOulerg
3:55 Loom
10:26 Feudal Age
14:33 Castle Age
13:09 Double-Bit Axe
13:13 Horse Collar
21:31 Gold Mining
21:40 Stone Mining
23:48 Wheelbarrow
23:43 Heavy Plow
26:23 Fletching
26:34 Padded Archer Armor
28:00 Gold Shaft Mining
27:46 Hand Cart
27:50 Bodkin Arrow
28:11 Leather Archer Armor
28:48 Crossbowman
29:35 Town Watch
32:37 Imperial Age
30:32 Scale Barding Armor
30:39 Forging
30:42 Town Patrol
31:52 Ballistics
31:55 Chain Barding Armor
33:08 Coinage
33:40 Bloodlines
33:30 Husbandry
32:53 Elite Battle Elephant
33:51 Bow Saw
34:13 Crop Rotation
33:33 Arbalester
34:17 Bracer
34:47 Ring Archer Armor
34:45 Conscription
35:50 Ring Archer Armor
35:55 Plate Barding Armor
35:57 Iron Casting
36:20 Mahayana
36:12 Paiks
37:26 Banking
37:07 Guilds
38:08 Chemistry
40:28 Blast Furnace
38:52 Light Cavalry
40:57 Siege Elephant
76561198443206480
11:02 Feudal Age
14:58 Castle Age
14:22 Double-Bit Axe
14:18 Horse Collar
23:54 Wheelbarrow
23:37 Loom
26:14 Bow Saw
26:44 Heavy Plow
29:55 Imperial Age
28:46 Hand Cart
31:04 Chemistry
33:23 Elite Hussite Wagon
36:52 Siege Engineers
36:22 Houfnice
Connection lost

Rejoining the realm…

Still unreachable

The connection could not be restored.

Session expired

The server has moved on; the page needs a fresh start.